 Dungeon Crawl Stone Soup version 0.17-a0-1210-g1e4f09d (webtiles) character file.

32 SWAGNEMITE the Sneak (level 3, 0/17 HPs)
             Began as a Vine Stalker Enchanter on June 3, 2015.
             Succumbed to an adder's poison
             ... on level 2 of the Dungeon.
             The game lasted 00:03:27 (669 turns).

SWAGNEMITE the Sneak (Vine Stalker Enchanter)        Turns: 669, Time: 00:03:28

Health: 0/17       AC:  3    Str: 10    XL:     3   Next: 27%
Magic:  0/7        EV: 12    Int: 20    God:
Gold:   52         SH:  0    Dex: 15    Spells: 1 memorised, 5 levels left

rFire  . . .     SeeInvis .     f - -1 dagger (curse)
rCold  . . .     Clarity  .     b - +1 robe
rNeg   . . .     SustAt   .     (no shield)
rPois  .         Gourm    .     (no helmet)
rElec  .         Spirit   +     (no cloak)
rCorr  .         Warding  .     (no gloves)
rMut   .         Stasis   .     (no boots)
MR     .....                    (no amulet)
Stlth  +++.......               (no ring)
                                (no ring)

@: brilliant, lethally poisoned (0 -> -2), not resistant to hostile
enchantments, fairly stealthy
A: fangs 2, regeneration 1, magic shield, antimagic bite, no device heal 3, rot
immunity
a: no special abilities


You were on level 2 of the Dungeon.
You were not hungry.

You visited 1 branch of the dungeon, and saw 2 of its levels.

You collected 52 gold pieces.

Inventory:

Hand weapons
 a - a +1 dagger
 f - a cursed -1 dagger (weapon)
   (You took it off a goblin on level 1 of the Dungeon)
Armour
 b - a +1 robe (worn)
Scrolls
 g - 2 scrolls of identify {unknown}
 k - a scroll of noise {unknown}
Potions
 e - a potion of cure mutation {!q}
 h - a potion of curing {unknown}
Books
 c - a book of Maledictions
Comestibles
 d - a bread ration {@e1}
 i - a meat ration {@e2}


   Skills:
 + Level 0.3 Fighting
 * Level 1.5 Short Blades
 + Level 1.8 Dodging
 * Level 4.2 Stealth
 - Level 2.1 Spellcasting
 * Level 3.3 Hexes


You had 5 spell levels left.
You knew the following spells:

 Your Spells              Type           Power        Failure   Level  Hunger
v - Corona                Hex            ####...      1%          1    #......


Dungeon Overview and Level Annotations

Branches:
Dungeon (2/15)

Altars:


Innate Abilities, Weirdness & Mutations

You have extremely sharp teeth.
Your natural rate of healing is unusually fast.
When hurt, damage is shared between your health and your magic reserves.
Your bite disrupts and absorbs the magic of your enemies.
Potions and wands cannot restore your health.
You are immune to rotting.


Message History

You hit the jackal. Your bite misses the jackal. The jackal barely misses you.
You miss the jackal. Your bite misses the jackal.
The jackal bites you but does no damage.
You closely miss the jackal. Your bite misses the jackal.
The jackal misses you.
You hit the jackal. You bite the jackal. You drain its power.
You feel invigorated.
You kill the jackal!
MP restored: 7 You see here a jackal corpse.
Things that are here:
a club; a stone You see here a jackal corpse.
The jackal barks!
The jackal bites you but does no damage.
You see here a jackal corpse.
The jackal barely misses you.
Things that are here:
a club; a stone You hit the jackal.
Your bite misses the jackal. The jackal closely misses you.
You closely miss the jackal. Your bite misses the jackal. The jackal bites you.
You take 1 damage, and have 12/17 hp.
You now have 6/7 mp.
You hit the jackal. You bite the jackal. You drain its power.
You feel invigorated. The jackal bites you. The jackal closely misses you.
You take 1 damage, and have 11/17 hp.
You barely miss the jackal.
The jackal bites you but does no damage.
You hit the jackal but do no damage. The jackal barely misses you.
You hit the jackal.
You kill the jackal!
You see here a jackal corpse.
MP restored: 7 You barely miss the worm.
You bite the worm, but do no damage. The worm bites you!
You take 5 damage, and have 7/17 hp.
MASSIVE DAMAGE!!
You now have 4/7 mp.
You hit the worm. You hit the worm. The worm bites you!
* * * LOW HITPOINT WARNING * * *
You take 6 damage, and have 1/17 hp.
MASSIVE DAMAGE!!
You now have 0/7 mp.
Things that are here:
a club; a stone You see here a stone.
Drink which item? (? for menu, Esc to quit)
Okay, then.
You see here a stone.
You open the door.
A kobold comes into view. It is wielding a whip.
An adder and a rat come into view.
There is an open door here.
The helpless kobold fails to defend itself.
You impale the kobold!!
You kill the kobold!
You hit the adder. Your bite misses the adder. The adder bites you.
You barely miss the adder. You bite the adder. You drain its power.
You feel invigorated. The adder closely misses you.
You regained 2 mp, and now have 3/7 mp.
You closely miss the adder. Your bite misses the adder.
The adder closely misses you. The adder bites you but does no damage.
You barely miss the adder. The adder bites you.
* * * LOW HITPOINT WARNING * * *
You take 2 damage, and have 4/17 hp.
You completely miss the adder. You bite the adder, but do no damage.
The adder barely misses you.
You hit the adder but do no damage. Your bite misses the adder.
The adder closely misses you.
You miss the adder. The adder bites you but does no damage.
You closely miss the adder. The adder bites you.
* * * LOW HITPOINT WARNING * * *
The adder barely misses you.
You take 2 damage, and have 3/17 hp.
You now have 1/7 mp.
The adder barely misses you. The adder closely misses you. The adder bites you.
* * * LOW HITPOINT WARNING * * *
You closely miss the adder. You bite the adder. You drain its power.
You feel invigorated. The adder misses you.
You completely miss the adder. The adder closely misses you.
You barely miss the adder. You bite the adder. You drain its power.
You feel invigorated. The adder bites you.
* * * LOW HITPOINT WARNING * * *
You are lethally poisoned!
The adder poisons you!
You take 1 damage, and have 3/17 hp.
You closely miss the adder. Your bite misses the adder.
* * * LOW HITPOINT WARNING * * *
You feel sick. The adder completely misses you. The adder bites you.
You take 1 damage, and have 2/17 hp.
You now have 2/7 mp.
Drink which item? (? for menu, Esc to quit)
It was a potion of cure mutation.
It has a very clean taste.
The adder bites you.
* * * LOW HITPOINT WARNING * * *
You take 1 damage, and have 1/17 hp.
You now have 0/7 mp.
Drink which item? (? for menu, Esc to quit)
It was a potion of brilliance.
You feel clever all of a sudden.
You die...

############
#..........#
#..........#
#..........#
#####..........#
...##..........#
...##..........#
...##.........w#########
(...'.........rS@.......
...##.)........##.#####.
#####...............
#.................
....................
############.......##
.......# .......#


You could see a worm, an adder and a rat.

Vanquished Creatures
  A giant gecko (D:1)
  2 giant cockroaches (D:1)
  3 goblins (D:1)
  2 hobgoblins
  7 jackals
  5 kobolds
  A quokka (D:2)
  A ball python (D:1)
  2 bats (D:1)
  2 giant newts (D:1)
  2 rats (D:1)
28 creatures vanquished.

Notes
Turn   | Place    | Note
--------------------------------------------------------------
     0 | D:1      | SWAGNEMITE the Vine Stalker Enchanter began the quest for the Orb.
     0 | D:1      | Reached XP level 1. HP: 9/9 MP: 4/4
    40 | D:1      | Reached skill level 1 in Short Blades
    67 | D:1      | Reached XP level 2. HP: 7/13 MP: 3/6
   439 | D:1      | Reached skill level 4 in Stealth
   577 | D:2      | Reached XP level 3. HP: 11/16 MP: 3/7
   631 | D:2      | HP: 1/17 [worm (6)]
   652 | D:2      | HP: 4/17 [adder (2)]
   662 | D:2      | HP: 4/17 [adder (1)]
   667 | D:2      | HP: 2/17 [poisoned by an adder]
   669 | D:2      | Succumbed to an adder's poison

Vault maps used:
D:1:      lemuel_arrival_behind_the_door_large
D:2:      nicolae_qazlal_general_emergency, amethyst_overflow_temple_binary,
          first_bread, uniq_sigmund, uniq_terence

Action                   || total
-------------------------++-------
Melee: Dagger            ||   133
  Use: Scroll            ||     1
       Potion            ||     2
 Stab: Sleeping          ||     5

Vault maps used:
D:1:      lemuel_arrival_behind_the_door_large
D:2:      nicolae_qazlal_general_emergency, amethyst_overflow_temple_binary,
          first_bread, uniq_sigmund, uniq_terence

Table legend:
 A = Turns spent in this place as a percentage of turns spent in the entire game.
 B = Non-inter-level travel turns spent in this place as a percentage of non-inter-level travel turns spent in the entire game.
 C = Inter-level travel turns spent in this place as a percentage of turns spent in this place.
 D = Turns resting spent in this place as a percentage of non-inter-level travel turns spent in this place.
 E = Turns spent auto-exploring this place as a percentage of non-inter-level travel turns spent in this place.
 F = Non-inter-level travel turns spent in this place divided by the number of levels of this place that you've seen.
                   A       B       C       D       E      F
               +-------+-------+-------+-------+-------+----------------------
         Total | 100.0 | 100.0 |   0.3 |   1.6 |   6.0 | 184.5
       Dungeon | 100.0 | 100.0 |   0.3 |   1.6 |   6.0 | 184.5
               +-------+-------+-------+-------+-------+----------------------

Table legend:
 A = Kills in this place as a percentage of kills in entire the game.
 B = Kills by you in this place as a percentage of kills by you in the entire game.
 C = Kills by friends in this place as a percentage of kills by friends in the entire game.
 D = Other kills in this place as a percentage of other kills in the entire game.
 E = Experience gained in this place as a percentage of experience gained in the entire game.
 F = Experience gained in this place divided by the number of levels of this place that you have seen.
                   A       B       C       D       E      F
               +-------+-------+-------+-------+-------+----------------------
         Total | 100.0 | 100.0 |  -nan |  -nan | 100.0 |  23.5
       Dungeon | 100.0 | 100.0 |  -nan |  -nan | 100.0 |  23.5
               +-------+-------+-------+-------+-------+----------------------
